 Seeded DCSS version 0.30-a0-1043-g60ff8d5f49 (webtiles) character file.

Game seed: 6290196989586380473 (custom seed)

398 greenreed the Grave Robber (level 6, -1/41 HPs)
             Began as a Demonspawn Necromancer on Apr 9, 2023.
             Slain by an ogre
             ... wielding a +0 giant club
              (27 damage)
             ... on level 5 of the Dungeon.
             The game lasted 00:11:51 (4103 turns).

greenreed the Grave Robber (Demonspawn Necromancer) Turns: 4103, Time: 00:11:52

Health: -1/41      AC:  7    Str:  8    XL:     6   Next: 53%
Magic:  10/12      EV: 13    Int: 18    God:
Gold:   245        SH:  0    Dex: 14    Spells: 9/13 levels left

rFire   + . .      SeeInvis .    (no weapon)
rCold   . . .      Faith    .    (no shield)
rNeg    . . .      Spirit   .    y - +1 robe {Will+}
rPois   +          Reflect  .    (no helmet)
rElec   .          Rampage  .    (no cloak)
rCorr   .                        e - +0 pair of gloves
Will    +....                    (no boots)
Stlth   ++                       i - amulet of the acrobat
HPRegen 0.26/turn                n - ring of poison resistance
MPRegen 0.13/turn                a - ring of protection from fire

@: no status effects
A: hooves 1, icy blue scales 2, demonic guardian 1, powered by pain 1
a: no special abilities


You were on level 5 of the Dungeon.
You visited 1 branch of the dungeon, and saw 5 of its levels.

You collected 245 gold pieces.

Inventory:

Missiles
 w - a throwing net
Armour
 e - a +0 pair of gloves (worn)
 y - a +1 robe of willpower (worn)
Jewellery
 a - a ring of protection from fire (right hand)
 i - an amulet of the acrobat (around neck)
 n - a ring of poison resistance (left hand)
Wands
 u - a wand of polymorph (11)
Scrolls
 c - a scroll of silence {unknown}
 f - 2 scrolls of amnesia {unknown}
 k - a scroll of teleportation {unknown}
 l - a scroll of fog {unknown}
 o - 2 scrolls of acquirement {unknown}
 p - a scroll of poison {unknown}
 q - 2 scrolls of identify {unknown}
 r - a scroll of summoning {unknown}
 s - a scroll of blinking {unknown}
 z - a scroll of noise {unknown}
Potions
 b - a potion of magic
 d - 2 potions of curing {unknown}
 g - 2 potions of attraction {unknown}
 h - 2 potions of degeneration {unknown}
 j - a potion of resistance {unknown}
 m - a potion of flight {unknown}
 t - a potion of lignification {unknown}
 v - a potion of invisibility {unknown}
 x - a potion of cancellation {unknown}


   Skills:
 + Level 3.2 Dodging
 - Level 2.0 Stealth
 * Level 4.2 Spellcasting
 * Level 6.4 Necromancy
 + Level 0.0 Ice Magic


You had 9 spell levels left.
You knew the following spells:

 Your Spells              Type           Power      Damage    Failure   Level
a - Necrotise             Necr           100%       1d9       1%          1
b - Vampiric Draining     Necr           27%        2d7       3%          3

Your spell library contained the following spells:

 Spells                   Type           Power      Damage    Failure   Level
 Animate Dead             Necr           27%        N/A       10%         4
 Apportation              Tloc           6%         N/A       14%         1
 Foxfire                  Conj/Fire      12%        2x1d4     14%         1
 Freeze                   Ice            12%        1d3       14%         1
 Agony                    Necr           27%        N/A       28%         5
 Frozen Ramparts          Ice            6%         1d1       41%         3
 Hailstorm                Conj/Ice       3%         3d3       41%         3
 Alistair's Intoxication  Tmut/Pois      2%         N/A       99%         5
 Fireball                 Conj/Fire      1%         3d3       99%         5
 Plasma Beam              Fire/Air       1%         2x1d12    100%        6
 Starburst                Conj/Fire      1%         6d3       100%        6


Dungeon Overview and Level Annotations

Branches:
Dungeon (5/15)
 Temple: D:4-7

Altars:
Wu Jian

Shops:
D:5 :


Innate Abilities, Weirdness & Mutations

You have large cloven feet.
You are mostly covered in icy blue scales. (AC +3)
A weak demonic guardian rushes to your aid.
You sometimes gain a little power by taking damage.


Message History

A dart slug comes into view.
The dart slug writhes in agony!
The dart slug writhes in agony!
You kill the dart slug!
Found a stone staircase leading down.
An iguana comes into view.
Found an escape hatch in the floor.
An iguana is nearby!
The iguana hisses angrily.
The iguana writhes in agony.
The iguana writhes in agony.
The iguana writhes in agony.
Casting: Necrotise (safe; 1% risk of failure)
Confirm with . or Enter, or press ? or * to list all spells.
Aiming: Vampiric Draining (dangerous; 3% risk of failure)
Press: ? - help, Shift-Dir - straight line, f/p - iguana
Aim: an iguana (moderately wounded)
You draw life force from the iguana!
You kill the iguana!
Unknown command.
There is a stone staircase leading down here.
Found a stone staircase leading up.
You now have 245 gold pieces (gained 7).
z - a scroll labelled ICIAMO GURAR
Found a spear.
Found 4 stones.
Found an ornate altar of the Wu Jian Council.
Found 9 stones.
Found Finazxayc's Book Shop.
There is an entrance to Finazxayc's Book Shop here.
You can access your shopping list by pressing '$'.
Okay, then.
An ogre comes into view. It is wielding a +0 giant club.
The ogre shouts!
The ogre writhes in agony!
The ogre hits you with a +0 giant club!
A demonic guardian appears!
The ogre barely resists.
The ogre hits you with a +0 giant club!!
Ouch! That really hurt!
You die...

#<....#...#
##...#.#### #
##..#.######## .#
#.##..#......... #.
#..............# #.
####..########.# #.
#.## #.#
##.#####.#### #.#
#..@........# #.#
#5O#####..#.######.#
#.. #............
#.# ##.#......... #.
#.#######.#. #. #.#
#.#. # #.# #.##
####.# #... #....#
#.##


You could see an ogre (ally target) and a friendly shadow imp (summoned).

Vanquished Creatures
  An ogre (D:4)
  2 iguanas (D:5)
  4 orc wizards (D:4)
  7 gnolls
  An ufetubus (D:4)
  A worm (D:4)
  2 dart slugs
  8 orcs
  4 bats
  6 endoplasms
  4 giant cockroaches
  7 goblins
  7 hobgoblins
  6 jackals (D:1)
  2 quokkas (D:3)
  3 ball pythons
  4 frilled lizards
  7 kobolds
  3 rats
79 creatures vanquished.

Vanquished Creatures (collateral kills)
  A jackal (D:1)
  A frilled lizard (D:1)
2 creatures vanquished.

Grand Total: 81 creatures vanquished

Notes
Turn   | Place    | Note
-------+----------+-------------------------------------------
     0 | D:1      | greenreed the Demonspawn Necromancer began the quest for
                  | the Orb.
     0 | D:1      | Reached XP level 1. HP: 13/13 MP: 3/3
   224 | D:1      | Gained mutation: You are partially covered in icy blue
                  | scales. (AC +2) [demonic ancestry]
   224 | D:1      | Reached XP level 2. HP: 19/19 MP: 3/5
   732 | D:1      | Gained mutation: You are mostly covered in icy blue scales.
                  | (AC +3) [demonic ancestry]
   732 | D:1      | Reached XP level 3. HP: 24/24 MP: 3/6
   850 | D:2      | Learned a level 3 spell: Vampiric Draining
  1121 | D:2      | Noticed a golden eye
  1125 | D:2      | Noticed a golden eye
  1127 | D:2      | Found a faded altar of an unknown god.
  1129 | D:2      | Noticed a shining eye
  1129 | D:2      | Noticed a floating eye
  1648 | D:3      | Reached skill level 5 in Necromancy
  1658 | D:3      | Gained mutation: A weak demonic guardian rushes to your
                  | aid. [demonic ancestry]
  1658 | D:3      | Reached XP level 4. HP: 26/30 MP: 0/8
  2442 | D:3      | Gained mutation: You have large cloven feet. [demonic
                  | ancestry]
  2442 | D:3      | Reached XP level 5. HP: 35/35 MP: 5/9
  2941 | D:4      | Noticed an ogre
  3240 | D:4      | Killed an ogre
  3241 | D:4      | Reached skill level 6 in Necromancy
  3241 | D:4      | Gained mutation: You sometimes gain a little power by
                  | taking damage. [demonic ancestry]
  3241 | D:4      | Reached XP level 6. HP: 37/41 MP: 0/11
  3824 | D:5      | Entered Level 5 of the Dungeon
  4051 | D:5      | Found an ornate altar of the Wu Jian Council.
  4064 | D:5      | Found Finazxayc's Book Shop.
  4103 | D:5      | Slain by an ogre

Illustrated notes

Levels and vault maps discovered:
D:1:      grunt_arrival_lava_bath, layout_basic, nrook_loot_triangle
D:2:      layout_loops_ring, hellmonk_ecumenical_altar_watching_god,
          due_unseen_surprise
D:3:      layout_basic
D:4:      layout_basic, minmay_a_box_with_orc_wizards_in_it
D:5:      layout_loops_ring, nzn_wu_jian_contemplation,
          mainiacjoe_overflow_24_doors, serial_shops, shop, uniq_grinder

Skill      XL: |  1  2  3  4  5  6 |
---------------+-------------------+-----
Stealth        | 2 |  2.0
Dodging        | 2 3 |  3.2
Necromancy     | 5 6 |  6.4
Spellcasting   | 3 4 |  4.2

Action                     |  1- 3 |  4- 6 || total
---------------------------+-------+-------++-------
  Melee: Unarmed           |    29 |    20 ||    49
         Kick              |       |     1 ||     1
   Cast: Necrotise         |    69 |   102 ||   171
         Vampiric Draining |       |     3 ||     3
 Armour: Robe              |     9 |    19 ||    28
  Dodge: Dodged            |    26 |    81 ||   107

Table legend: (Time is in decaauts)
 A = Elapsed time spent in this place.
 B = Non-inter-level travel time spent in this place.
 C = Inter-level travel time spent in this place.
 D = Time resting spent in this place.
 E = Time spent auto-exploring this place.
 F = Levels seen in this place.
 G = Mean time per level.
                   A        B        C        D        E       F      G
               +--------+--------+--------+--------+--------+-----+--------+
         Total |   4104 |   3949 |    155 |    174 |   3125 |   5 |  820.8 |
       Dungeon |   4104 |   3949 |    155 |    174 |   3125 |   5 |  820.8 |
               +--------+--------+--------+--------+--------+-----+--------+

Top non-repeatable levels by time:
     D:3: 1169 daAuts
     D:4: 1079 daAuts
     D:1: 821 daAuts
     D:2: 792 daAuts
     D:5: 241 daAuts
